 Dungeon Crawl Stone Soup version 0.31.0-7-gf635a9b802 (webtiles) character file.

Game seed: 5057525526860064981

4305756 Khashishi the Maledictor (level 26, 174/174 HPs)
             Began as a Vampire Enchanter on Jan 23, 2024.
             Was the Champion of Ashenzari.
             Escaped with the Orb
             ... and 5 runes
             ... and 9 gems!
             The game lasted 09:13:08 (62908 turns).

Khashishi the Maledictor (Vampire Enchanter)       Turns: 62908, Time: 09:13:09

Health: 174/174    AC: 24    Str: 10    XL:     26   Next: 95%
Magic:  59/67      EV: 26    Int: 34    God:    Ashenzari [******]
Gold:   5745       SH: 14    Dex: 17    Spells: 5/78 levels left

rFire   + + +        S - +8 arc blade {discharge, rElec, Self, Dev} (curse)
rCold   + + +        h - +2 kite shield "Share My Fortune-Teller" {AC+3, Bglg, Cun} (curse)
rNeg    + + +        G - +5 moon troll leather armour {Spirit, Regen++ MP+5, Fort, Self} (curse)
rPois   ∞            Q - +1 hat "Chained Gloom" {rF++, Bglg, Comp} (curse)
rElec   +            t - +2 cloak of the Eternal Urgency {Self, Cun} (curse)
rCorr   +            r - +2 pair of gloves of Ashenzari's Regret {Dex+3, Bglg, Cun} (curse)
SInv    +            L - +0 pair of boots "Ensconced Together" {Fly, Self, Cun} (curse)
Will    +++..        H - amulet "Share My Sorrow" {Faith ^Drain rF+ Will+, Cun, Melee} (curse)
Stlth   ++++         a - ring of the Profound Chagrin {MP+9 Str+4 Int+4, Cun, Dev} (curse)
HPRegen 0.00/turn    F - ring "Thunder Perfect Mind" {rN+ rCorr AC+4 Int-3, Comp, Dev} (curse)
MPRegen 0.40/turn

%: clarity, guardian spirit, faith
@: flying, bloodless, inhibited regen, studying Necromancy
A: bloodless, fangs 3, see invisible, vampiric 2, antennae 1, clever 1, cold
resistance 1, deformed body, fire resistance 1, no potion heal 1, inability to
read after injury 1
0: Orb of Zot
}: 5/15 runes: decaying, serpentine, slimy, silver, abyssal
a: Bat Form, Revivify, Renounce Religion, Shatter the Chains


You escaped.
You worshipped Ashenzari.
Ashenzari was exalted by your worship.
You visited 13 branches of the dungeon, and saw 57 of its levels.
You visited the Abyss 1 time.
You also visited: Trove, Gauntlet and Volcano.

You collected 8185 gold pieces.
You spent 2440 gold pieces at shops.

Inventory:

Hand Weapons
 S - the cursed +8 arc blade (weapon) {discharge, rElec, Self, Dev}
   (You took it off a deep elf elementalist on level 3 of the Elven Halls)

   rElec:     It insulates you from electricity.
   It has a curse which improves the following skills: Introspection: Fighting
   and Spellcasting.
   Devices:   Evocations and Shapeshifting.
Missiles
 E - 2 throwing nets
Armour
 h - the cursed +2 kite shield "Share My Fortune-Teller" (worn) {AC+3, Bglg, Cun}
   (You took it off a tengu warrior in a Gauntlet)

   It has a curse which improves the following skills: Beguiling: Hexes and
   Translocations.
   Cunning:   Dodging and Stealth.
 r - the cursed +2 pair of gloves of Ashenzari's Regret (worn) {Dex+3, Bglg, Cun}
   (You found it in a volcano)

   It has a curse which improves the following skills: Beguiling: Hexes and
   Translocations.
   Cunning:   Dodging and Stealth.
 t - the cursed +2 cloak of the Eternal Urgency (worn) {Self, Cun}
   (You found it on level 2 of the Lair of Beasts)

   It has a curse which improves the following skills: Introspection: Fighting
   and Spellcasting.
   Cunning:   Dodging and Stealth.
 G - the cursed +5 moon troll leather armour (worn) {Spirit, Regen++ MP+5, Fort, Self}
   (You bought it in a shop on level 1 of the Snake Pit)

   MP+5:      It affects your magic capacity (+5).
   Regen++:   It increases your rate of health regeneration.
   It has a curse which improves the following skills: Fortitude: Armour and
   Shields.
   Introspection: Fighting and Spellcasting.
 L - the cursed +0 pair of boots "Ensconced Together" (worn) {Fly, Self, Cun}
   (You found it on level 10 of the Dungeon)

   It has a curse which improves the following skills: Introspection: Fighting
   and Spellcasting.
   Cunning:   Dodging and Stealth.
 Q - the cursed +1 hat "Chained Gloom" (worn) {rF++, Bglg, Comp}
   (You found it on level 4 of the Snake Pit)

   rF++:      It greatly protects you from fire.
   It has a curse which improves the following skills: Beguiling: Hexes and
   Translocations.
   Companions: Summonings and Necromancy.
Jewellery
 a - the cursed ring of the Profound Chagrin (left hand) {MP+9 Str+4 Int+4, Cun, Dev}
   (You took it off a vault guard on level 5 of the Vaults)

   [ring of magical power]

   Str+4:     It affects your strength (+4).
   Int+4:     It affects your intelligence (+4).
   MP+9:      It affects your magic capacity (+9).
   It has a curse which improves the following skills: Cunning: Dodging and
   Stealth.
   Devices:   Evocations and Shapeshifting.
 g - the ring of Dizxauz {rC+ rCorr Int+7 Stlth-}
   (You found it on level 3 of the Realm of Zot)

   [ring of protection from cold]

   Int+7:     It affects your intelligence (+7).
   rC+:       It protects you from cold.
   rCorr:     It protects you from acid and corrosion.
   Stlth-:    It makes you less stealthy.
 l - the ring of Kixer {rN+ Will+ rCorr}
   (You found it on level 5 of the Pits of Slime)

   [ring of willpower]

   rN+:       It protects you from negative energy.
   Will+:     It increases your willpower.
   rCorr:     It protects you from acid and corrosion.
 m - the amulet "Teroc" {RegenMP Harm Will+ rCorr Int-2}
   (You found it on level 3 of the Crypt)

   [amulet of magic regeneration]

   RegenMP:   It increases your rate of magic regeneration.
   Int-2:     It affects your intelligence (-2).
   Will+:     It increases your willpower.
   rCorr:     It protects you from acid and corrosion.
   Harm:      It increases damage dealt and taken.
 F - the cursed ring "Thunder Perfect Mind" (right hand) {rN+ rCorr AC+4 Int-3, Comp, Dev}
   (You found it on level 2 of the Depths)

   [ring of protection]

   AC+4:      It affects your AC (+4).
   Int-3:     It affects your intelligence (-3).
   rN+:       It protects you from negative energy.
   rCorr:     It protects you from acid and corrosion.
   It has a curse which improves the following skills: Companions: Summonings
   and Necromancy.
   Devices:   Evocations and Shapeshifting.
 H - the cursed amulet "Share My Sorrow" (around neck) {Faith ^Drain rF+ Will+, Cun, Melee}
   (You found it in a Gauntlet)

   [amulet of faith]

   Faith:     It allows you to gain divine favour quickly.
   rF+:       It protects you from fire.
   Will+:     It increases your willpower.
   ^Drain:    It drains your maximum health when unequipped.
   It has a curse which improves the following skills: Cunning: Dodging and
   Stealth.
   Melee Combat: Short Blades, Long Blades, Axes, Maces & Flails, Polearms,
   Staves and Unarmed Combat.
Wands
 c - a wand of mindburst (46)
 w - a wand of iceblast (97)
 y - a wand of digging (13)
 R - a wand of flame (123)
 W - a wand of charming (87)
 X - a wand of light (50)
Scrolls
 b - 4 scrolls of enchant weapon
 i - 18 scrolls of teleportation
 k - 4 scrolls of revelation
 o - 13 scrolls of immolation
 v - 12 scrolls of blinking
 z - 6 scrolls of silence
 A - a scroll of torment
 D - 3 scrolls of fear
 O - 2 scrolls of enchant armour
 P - a scroll of butterflies
 T - 4 scrolls of vulnerability
 Y - 8 scrolls of poison
 Z - 11 scrolls of fog
Potions
 d - 9 potions of enlightenment
 e - a potion of cancellation
 f - 16 potions of curing
 j - 14 potions of heal wounds
 n - 9 potions of might
 q - a potion of brilliance
 s - 2 potions of magic
 u - 3 potions of resistance
 x - a potion of mutation
 B - 2 potions of haste
 C - a potion of ambrosia
 K - 2 potions of invisibility
Miscellaneous
 p - a lightning rod (4/4)
 J - a tin of tremorstones (2/2)
 M - a phial of floods
 N - a sack of spiders
 V - a phantom mirror (inert)


   Skills:
 - Level 14.4(20.1) Fighting
 - Level 13.6(16.0) Short Blades
 - Level 7.5(10.0) Armour
 - Level 20.1(27) Dodging
 - Level 19.9(27) Stealth
 - Level 8.9(11.4) Shields
 + Level 21.6(26.9) Spellcasting
 - Level 23.0(27) Hexes
 + Level 17.8(21.2) Summonings
 - Level 12.3(15.9) Necromancy
 + Level 9.8(14.5) Translocations
 + Level 16.8(21.4) Evocations


You had 5 spell levels left.
You knew the following spells:

 Your Spells              Type           Power      Damage    Failure   Level
a - Summon Horrible Thin  Summ           56%        N/A       1%          8
b - Confusing Touch       Hex            100%       N/A       0%          3
c - Haunt                 Necr/Summ      53%        N/A       1%          7
e - Dazzling Flash        Conj/Hex       100%       N/A       1%          3
f - Enfeeble              Hex            62%        N/A       1%          7
g - Blink                 Tloc           100%       N/A       0%          2
h - Teleport Other        Tloc           98%        N/A       0%          3
i - Dispel Undead         Necr           100%       3d31      1%          4
v - Summon Mana Viper     Hex/Summ       100%       N/A       0%          5
y - Yara's Violent Unrav  Hex/Alch       47%        3d18      1%          5
C - Death Channel         Necr           50%        N/A       1%          6
D - Discord               Hex            62%        N/A       1%          8
F - Summon Forest         Summ/Tloc      53%        N/A       1%          5
G - Malign Gateway        Summ/Tloc      53%        N/A       1%          7

Your spell library contained the following spells:

 Spells                   Type           Power      Damage    Failure   Level
 Apportation              Tloc           100%       N/A       0%          1
 Necrotise                Necr           100%       1d9       0%          1
 Slow                     Hex            100%       N/A       0%          1
 Summon Small Mammal      Summ           100%       N/A       0%          1
 Call Imp                 Summ           100%       N/A       0%          2
 Ensorcelled Hibernation  Hex/Ice        100%       N/A       0%          2
 Jinxbite                 Hex            100%       N/A       0%          2
 Lesser Beckoning         Tloc           100%       N/A       0%          2
 Sublimation of Blood     Necr           100%       N/A       0%          2
 Fugue of the Fallen      Necr           100%       N/A       0%          3
 Gell's Gravitas          Tloc           98%        N/A       0%          3
 Sigil of Binding         Hex            100%       N/A       0%          3
 Tukima's Dance           Hex            100%       N/A       0%          3
 Vampiric Draining        Necr           100%       2d13      0%          3
 Anguish                  Hex/Necr       56%        N/A       0%          4
 Cause Fear               Hex            62%        N/A       0%          4
 Dimensional Bullseye     Hex/Tloc       56%        N/A       0%          4
 Martyr's Knell           Necr/Summ      100%       N/A       0%          4
 Freeze                   Ice            100%       1d10      1%          1
 Kiss of Death            Conj/Necr      100%       2d13      1%          1
 Magic Dart               Conj           100%       1d8       1%          1
 Sandblast                Erth           90%        2d19      1%          1
 Sting                    Conj/Alch      100%       1d9       1%          1
 Cigotuvi's Dreadful Rot  Necr/Alch/Air  100%       N/A       1%          2
 Momentum Strike          Conj/Tloc      100%       3d10      1%          2
 Inner Flame              Hex/Fire       95%        N/A       1%          3
 Summon Ice Beast         Ice/Summ       87%        N/A       1%          3
 Volatile Blastmotes      Fire/Tloc      100%       2d18      1%          3
 Animate Armour           Summ/Erth      100%       N/A       1%          4
 Manifold Assault         Tloc           98%        N/A       1%          4
 Summon Blazeheart Golem  Fire/Summ      87%        N/A       1%          4
 Summon Lightning Spire   Summ/Air       87%        N/A       1%          4
 Vhi's Electric Charge    Tloc/Air       100%       N/A       1%          4
 Curse of Agony           Necr           100%       N/A       1%          5
 Metabolic Englaciation   Hex/Ice        47%        N/A       1%          5
 Silence                  Hex/Air        47%        N/A       1%          5
 Mercury Vapours          Alch/Air       90%        N/A       2%          2
 Searing Ray              Conj           90%        2d7       2%          2
 Static Discharge         Conj/Air       90%        3-7/arc   2%          2
 Frozen Ramparts          Ice            90%        1d14      4%          3
 Hailstorm                Conj/Ice       45%        3d10      4%          3
 Mephitic Cloud           Conj/Alch/Air  45%        N/A       4%          3
 Ozocubu's Armour         Ice            45%        N/A       4%          3
 Passwall                 Erth           45%        N/A       4%          3
 Stone Arrow              Conj/Erth      90%        3d12      4%          3
 Swiftness                Air            45%        N/A       4%          3
 Airstrike                Air            22%        2d(4-20)  16%         4
 Brom's Barrelling Bould  Conj/Erth      45%        2d6       16%         4
 Flame Wave               Conj/Fire      45%        2d12      16%         4
 Fulminant Prism          Conj/Alch      22%        3d12      16%         4
 Ignite Poison            Fire/Alch      45%        N/A       16%         4
 Leda's Liquefaction      Alch/Erth      22%        N/A       16%         4
 Olgreb's Toxic Radiance  Alch           45%        N/A       16%         4
 Petrify                  Alch/Erth      45%        N/A       16%         4
 Sticky Flame             Fire/Alch      45%        2d9       16%         4
 Alistair's Intoxication  Alch           30%        N/A       41%         5
 Arcjolt                  Conj/Air       22%        1d32      41%         5
 Fireball                 Conj/Fire      22%        3d10      41%         5
 Freezing Cloud           Conj/Ice/Air   22%        6-21      41%         5
 Irradiate                Conj/Alch      22%        3d19      41%         5
 Iskenderun's Battlesphe  Conj           45%        2d10      41%         5
 Lee's Rapid Deconstruct  Erth           22%        3d13*     41%         5
 Dispersal                Tloc           49%        N/A       1%          6
 Summon Cactus Giant      Summ           56%        N/A       1%          6
 Monstrous Menagerie      Summ           56%        N/A       1%          7
 Summon Hydra             Summ           56%        N/A       1%          7
 Infestation              Necr           50%        N/A       16%         8
 Spellforged Servitor     Conj/Summ      43%        N/A       17%         7
 Bombard                  Conj/Erth      22%        9d4       94%         6
 Conjure Ball Lightning   Conj/Air       22%        3x3d6     94%         6
 Eringya's Noxious Bog    Alch           22%        4d6       94%         6
 Plasma Beam              Fire/Air       22%        2x1d34    94%         6
 Sculpt Simulacrum        Ice/Alch       22%        N/A       94%         6
 Starburst                Conj/Fire      22%        6d8       94%         6
 Orb of Destruction       Conj           22%        9d8       100%        7
 Ignition                 Fire           22%        3d8       100%        8
 Maxwell's Capacitive Co  Air            22%        ∞         100%        8
 Polar Vortex             Ice            22%        12d3*     100%        9


Dungeon Overview and Level Annotations

Branches:
Dungeon (15/15)            Temple (1/1) D:7            Lair (5/5) D:10
  Swamp (4/4) Lair:2        Snake (4/4) Lair:3        Slime (5/5) Lair:5
    Orc (2/2) D:12            Elf (3/3) Orc:2        Vaults (5/5) D:13
  Crypt (3/3) Vaults:2       Tomb (0/3) Crypt:3      Depths (4/4) D:15
   Hell (visited)             Zot (5/5) Depths:4    Volcano (visited)
Gauntlet (visited)
    Dis: Hell:1         Geh: Hell:1         Coc: Hell:1         Tar: Hell:1

Altars:
Ashenzari
Cheibriados
Dithmenos
Fedhas
Gozag
Hepliaklqana
Kikubaaqudgha
Makhleb
Nemelex Xobeh
Okawaru
Qazlal
Ru
Sif Muna
Trog
Uskayaw
Vehumet
Wu Jian
Xom
Yredelemnul
Jiyva

Shops:
D:1 (   Orc:2 (!!!   Elf:2 [(?   Snake:1 ![(   Snake:2 (*   Vaults:1 !
Depths:4 [[((

Portals:
Hell: Lair:5 Depths:1 Depths:2 Depths:3 Depths:4
Abyss: Depths:3 Depths:4
Pandemonium: Depths:2
Ziggurat: Depths:4

Annotations:
D:7 2 transporters
D:8 dig
Swamp:1 Roxanne
Elf:2 3 runed translucent doors
Zot:3 2 transporters, exclusion: obsidian statue


Innate Abilities, Weirdness & Mutations

You do not regenerate when monsters are visible.
You are frail without blood (-20% HP).
You can heal yourself when you bite living creatures.
You are immune to poison.
You have razor-sharp teeth.
You have supernaturally acute eyesight. (SInv)
You are afflicted with vampirism and can become a bat while bloodless.
You have a pair of small antennae on your head.
Your mind is acute. (Int +4, Str/Dex -1)
Your flesh is cold resistant. (rC+)
Armour fits poorly on your strangely shaped body.
Your flesh is heat resistant. (rF+)
Potions are less effective at restoring your health.
You occasionally lose the ability to read scrolls when taking damage.


Message History

Vicrom is heavily wounded.
Vicrom is lost in a daze. x2
You strike the helpless Vicrom from behind!
You skewer Vicrom like a kebab!!!! Your bite misses Vicrom.
Vicrom is almost dead.
You block Vicrom's attack.
You hit Vicrom but do no damage.
Vicrom is almost dead.
Vicrom is lost in a daze.
You hit Vicrom but do no damage.
The arc blade crackles.
Some blue arcs ground themselves harmlessly.
Your bite misses Vicrom.
Vicrom is almost dead.
Vicrom is lost in a daze.
You catch the helpless Vicrom completely off-guard!
You stick Vicrom like a pincushion!!!
The arc blade crackles.
The air crackles with electrical energy.
You kill Vicrom!
The neqoxec gestures at you.
Strange energies course through your body.
You feel clever.
Unknown command.
Unknown command.
Casting: Enfeeble (safe; 1% risk of failure)
Confirm with . or Enter, or press ? or * to list all spells.
Aiming: Haunt (mildly dangerous; 1% risk of failure)
Press: ? - help, Dir - move target, f - neqoxec
Aim: a neqoxec (almost dead) Insubstantial figures form in the air.
The neqoxec barely misses your freezing wraith.
The neqoxec hits your freezing wraith but does no damage.
Your freezing wraith hits the neqoxec but does no damage.
Your freezing wraith hits the neqoxec!
The neqoxec dies!
Your shadow wraith disappears in a puff of smoke!
Your wraith disappears in a puff of smoke!
A chaos spawn comes into view.
There is an open door here.
There is a staircase leading out of the dungeon here.
You have escaped!

##### #...########
#.84##.....#
#...##..@..#
#...##.....#
#.≈.##.....# #####
#.≈..'.....# #...##
#.≈4##.....# #....#
#.≈.##.....#
.....####...##.....#
#.....#.....########
#.....#.#########


You could see a chaos spawn.

Vanquished Creatures
  An ancient lich (Abyss:3)
  An orb of fire (Zot:3)
  A pandemonium lord (D:1)
  Mara (Depths:1)
  A juggernaut (Depths:2)
  Sojobo (Depths:2)
  2 Killer Klowns
  Bai Suzhen (Vaults:5)
  Geryon (Hell)
  4 golden dragons
  Margery (Vaults:2)
  A bone dragon (Abyss:2)
  A profane servitor (Zot:2)
  The ghost of TuffENuff the Warrior, an adept FoFi of Cheibriados (Snake:3)
  5 tentacled monstrosities
  2 electric golems
  A walking crystal tome (Depths:2)
  A hellephant (Vaults:2)
  Asterion (Elf:2)
  Grunn (Zot:2)
  3 quicksilver dragons
  2 deep elf master archers (Elf:3)
  7 liches
  A deep elf blademaster (Elf:3)
  14 Orb Guardians
  2 titans (Vaults:5)
  12 acid blobs
  2 tentacled starspawn (Abyss:1)
  An Executioner (Depths:2)
  7 ancient champions
  2 sphinxes
  Gastronok (Lair:2)
  6 death cobs
  7 storm dragons
  7 tengu reavers
  Aizul (Snake:3)
  A revenant (Crypt:3)
  8 shadow dragons
  A thorn hunter (Swamp:4)
  5 protean progenitors
  The ghost of Kicir the Blocker, an adept GnFi of Okawaru (Snake:3)
  3 rockslimes
  5 azure jellies
  2 draconian knights (Zot:2)
  7 nagarajas
  4 draconian shifters
  2 draconian monks
  An iron dragon (Depths:3)
  10 fire giants
  Louise (Swamp:3)
  2 ghouls (Crypt:3)
  6 deep elf sorcerers
  4 deep elf elementalists (Elf:3)
  6 vault wardens
  14 frost giants
  A ghost moth (Zot:5)
  The ghost of Xitaol the Ninja, an adept SpEn of Wu Jian (Snake:4)
  A draconian scorcher (Zot:2)
  2 curse skulls
  A spriggan defender (Depths:4)
  A draconian annihilator (Zot:5)
  3 quicksilver oozes (Slime:5)
  4 orc warlords
  9 ironbound preservers
  9 stone giants
  7 very ugly things
  2 green draconians
  7 vampire knights
  7 deep elf annihilators
  7 formless jellyfish
  5 eleionomae
  4 ironbound thunderhulks
  4 white draconians
  2 juggernaut skeletons
  3 dire elephants
  6 purple draconians
  3 yellow draconians
  A black draconian (Zot:3)
  A lorocyproca (D:8)
  2 spark wasps (Depths:2)
  4 war gargoyles
  8 deep elf death magi
  4 deep elf demonologists (Elf:3)
  2 red draconians
  A minotaur (Gauntlet)
  A bunyip (Swamp:2)
  6 ettins
  5 eidola
  3 crystal guardians
  A mummy priest (Crypt:3)
  7 jiangshi (Crypt:3)
  9 fire dragons
  A deep elf high priest (Elf:2)
  A quicksilver dragon zombie (Crypt:3)
  6 ice dragons
  10 yaktaur captains
  11 great orbs of eyes
  13 hydras
  2 shambling mangroves
  A quicksilver dragon skeleton (Crypt:3)
  A salamander tyrant (Depths:2)
  13 vault guards
  5 spriggan air magi
  3 rakshasas
  10 anacondas
  4 peacekeepers
  7 boulder beetles
  9 alligators
  7 ironbound frosthearts
  5 ogre magi
  10 centaur warriors
  4 two-headed ogres
  A deep troll shaman (Depths:3)
  A death knight (Crypt:2)
  A bennu skeleton (Crypt:2)
  3 orc high priests (Orc:1)
  4 death yaks
  3 tengu warriors
  4 vampire magi
  7 naga warriors
  7 dancing weapons
  A titan zombie (Crypt:3)
  3 shock serpents
  6 naga sharpshooters
  A deep troll earth mage (Depths:2)
  7 hell knights
  2 sun demons (Hell)
  A thrashing horror (Abyss:2)
  7 spriggans
  4 spriggan berserkers
  10 deep elf knights
  3 wretched stars
  4 soul eaters
  A goliath frog (Swamp:3)
  8 skeletal warriors
  A titan skeleton (Depths:1)
  A salamander mystic (Snake:4)
  5 shadow wraiths (Crypt:3)
  A sixfirhy (Lair:5)
  2 death drakes
  2 skysharks
  A deep troll (shapeshifter) (Vaults:5)
  16 deep trolls
  2 iron trolls
  A flayed ghost (Depths:2)
  2 glowing orange brains
  3 swamp dragons
  An anaconda zombie (Crypt:2)
  2 spriggan druids
  6 arcanists
  6 deep elf archers
  3 naga ritualists
  7 mana vipers
  6 bog bodies
  2 orb spiders (Zot:1)
  A shadow dragon zombie (Hell)
  12 ironbound convokers
  7 orc knights
  A harpy (Vaults:1)
  21 deep elf pyromancers
  A stone giant zombie (Hell)
  11 lindwurms
  10 phantasmal warriors
  8 deep elf zephyrmancers
  2 oklob plants (Lair:5)
  A shining eye (shapeshifter) (Depths:2)
  A lindwurm (shapeshifter) (Vaults:5)
  A tengu skeleton (Depths:1)
  3 necromancers
  3 orc sorcerers (Orc:1)
  4 ugly things
  6 cyclopes
  3 manticores
  5 shining eyes
  21 moths of wrath
  A manticore (shapeshifter) (Elf:2)
  A faun (shapeshifter) (Vaults:5)
  2 human skeletons (Vaults:3)
  19 vault sentinels
  A moth of wrath (shapeshifter) (Depths:4)
  6 guardian serpents
  A black mamba (shapeshifter) (Vaults:5)
  A guardian serpent (shapeshifter) (D:12)
  A molten gargoyle (Volcano)
  A meliai (shapeshifter) (D:14)
  2 rust devils (Hell)
  2 kobold blastminers (Orc:2)
  6 salamanders
  4 elephants
  A torpor snail (shapeshifter) (Depths:2)
  25 black mambas
  An eye of devastation (Slime:5)
  An orange demon (Lair:5)
  2 gargoyles
  A torpor snail (Lair:5)
  A smoke demon (Depths:3)
  3 large abominations
  4 naga magi
  2 unseen horrors
  2 efreet
  15 cane toads
  A freezing wraith (Crypt:2)
  A hellion (D:8)
  6 komodo dragons
  15 yaktaurs
  6 rime drakes
  A spriggan zombie (Hell)
  6 guardian mummies (Crypt:3)
  Psyche (D:8)
  An ancient zyme (Abyss:2)
  3 tengu conjurers
  An anaconda simulacrum (Crypt:3)
  3 polar bears
  A harpy zombie (Abyss:1)
  6 trolls
  2 bloated husks
  7 tyrant leeches
  A moth of wrath zombie (Crypt:1)
  15 hornets
  A harpy skeleton (Crypt:3)
  6 blink frogs
  2 hydra skeletons
  A death drake skeleton (Crypt:2)
  A dream sheep (shapeshifter) (D:13)
  A frost giant simulacrum (Vaults:4)
  A fire giant simulacrum (Depths:1)
  45 slime creatures
  Sigmund (D:5)
  An air elemental (Elf:1)
  A ynoxinul (Abyss:2)
  A fire dragon skeleton (Crypt:1)
  5 wraiths
  2 shadows
  4 water elementals
  3 centaur simulacra (Gauntlet)
  An ushabti (Crypt:3)
  5 wyverns
  5 fire bats
  A warg (Orc:2)
  11 vampire mosquitoes
  4 steam dragons
  15 yaks
  A human simulacrum (Vaults:4)
  2 golden eyes (Slime:1)
  4 basilisks
  A swamp worm (shapeshifter) (Depths:4)
  A harpy simulacrum (Gauntlet)
  A faun zombie (Crypt:2)
  9 swamp worms
  10 nagas
  17 water moccasins
  A hell hound (Abyss:2)
  An acid dragon (D:7)
  A two-headed ogre skeleton (Crypt:2)
  2 merfolk skeletons (Crypt:1)
  5 swamp drakes
  A glowing shapeshifter skeleton (Vaults:4)
  A cane toad skeleton (Crypt:3)
  An ettin simulacrum (Vaults:3)
  15 orc warriors
  3 black bears
  A faun skeleton (Crypt:2)
  6 laughing skulls
  An ice dragon simulacrum (Gauntlet)
  12 ogres
  A sky beast (D:7)
  A boggart (Vaults:1)
  2 human zombies (Vaults:3)
  A lindwurm skeleton (Crypt:1)
  7 small abominations
  A wolf (Orc:1)
  10 centaurs
  3 phantoms (D:5)
  3 kobold brigands (D:9)
  A brain worm (Abyss:2)
  A gnoll sergeant (D:11)
  A scorpion (D:6)
  7 bullfrogs
  2 earth elementals
  9 wights
  5 killer bees (D:9)
  6 electric eels
  4 bombardier beetles
  A nameless horror (Crypt:3)
  6 howler monkeys
  5 lava snakes (Volcano)
  7 hounds
  A jelly (D:6)
  8 orc priests
  9 orc wizards
  A sleepcap (D:8)
  3 iguanas
  An ogre skeleton (Crypt:2)
  A mummy (Crypt:3)
  3 gnolls (D:11)
  6 adders
  2 shadow imps
  A white imp (D:3)
  2 ufetubi (D:5)
  3 dart slugs
  A ribbon worm (D:2)
  34 orcs
  9 endoplasms
  5 giant cockroaches
  12 goblins
  11 hobgoblins
  4 quokkas
  4 ball pythons
  6 bats
  5 frilled lizards
  A goblin skeleton (Crypt:2)
  14 kobolds
  3 rats
  2 aspiring fleshes
1369 creatures vanquished.

Vanquished Creatures (collateral kills)
  the Royal Jelly (Slime:5)
  A dread lich (Zot:5)
  8 orbs of fire
  2 ancient liches (Vaults:5)
  5 Killer Klowns (Zot:5)
  A curse toe (Crypt:3)
  2 golden dragons
  A bone dragon (Crypt:3)
  2 electric golems (Zot:5)
  A Tzitzimitl (Depths:3)
  3 doom hounds (Zot:2)
  3 tentacled monstrosities
  10 Orb Guardians (Zot:5)
  3 liches
  A titan (Vaults:5)
  A quicksilver dragon (Zot:5)
  3 sphinxes
  2 death cobs
  11 acid blobs
  An Executioner (Zot:2)
  2 tengu reavers
  2 ancient champions
  A shadow dragon (Depths:2)
  9 storm dragons
  2 revenants (Crypt:2)
  A protean progenitor (Zot:4)
  An iron dragon (Depths:2)
  5 draconian monks
  3 draconian knights
  6 draconian shifters
  5 nagarajas
  5 rockslimes
  A fire giant (Vaults:5)
  4 vault wardens
  3 frost giants (Depths:2)
  8 azure jellies
  A deep elf elementalist (Elf:3)
  4 draconian scorchers
  A deep elf sorcerer (Elf:1)
  A ghoul (Crypt:3)
  A curse skull (Crypt:3)
  3 draconian annihilators
  5 quicksilver oozes (Slime:5)
  2 reapers
  A spriggan defender (Depths:4)
  5 stone giants
  An ironbound thunderhulk (Vaults:4)
  An orc warlord (Vaults:1)
  2 formless jellyfish
  3 very ugly things
  A juggernaut skeleton (Crypt:3)
  10 ironbound preservers
  4 vampire knights
  3 black draconians
  6 green draconians
  2 deep elf demonologists (Elf:3)
  An eleionoma (Swamp:1)
  A deep elf death mage (Vaults:5)
  2 demonspawn black suns (Zot:2)
  7 yellow draconians
  4 dire elephants
  8 spark wasps (Depths:2)
  7 white draconians
  A bunyip (Swamp:4)
  5 purple draconians
  5 red draconians
  2 deep elf annihilators
  3 eidola
  A quicksilver dragon zombie (Crypt:1)
  2 mummy priests (Crypt:3)
  3 deep elf high priests
  6 ettins
  A spriggan zombie (Depths:1)
  6 jiangshi
  7 yaktaur captains
  A rakshasa (Depths:1)
  A great orb of eyes (Depths:2)
  4 fire dragons
  6 hydras
  2 salamander tyrants
  25 vault guards
  4 ice dragons
  A peacekeeper (Vaults:4)
  5 ogre magi
  5 centaur warriors
  2 spriggan air magi
  2 ironbound frosthearts
  An anaconda (Snake:4)
  2 boulder beetles
  4 alligators
  4 deep troll shamans
  4 naga warriors
  5 two-headed ogres
  4 deep troll earth magi
  A satyr (Zot:5)
  2 hell hogs (Depths:3)
  7 death yaks
  A shock serpent (Snake:4)
  3 vampire magi
  6 orc high priests
  5 naga sharpshooters
  3 spriggan berserkers
  4 soul eaters
  7 hell knights
  3 deep elf knights
  An iron troll (Depths:3)
  A shadow wraith (Crypt:3)
  10 skeletal warriors (Crypt:2)
  A goliath frog (Swamp:3)
  31 deep trolls
  2 flayed ghosts
  An obsidian statue (Elf:2)
  3 mana vipers
  4 spriggan druids
  3 arcanists
  2 bog bodies (Crypt:3)
  4 glowing orange brains
  5 deep elf archers
  6 ironbound convokers
  4 naga ritualists
  2 lindwurms (Swamp:4)
  A phantasmal warrior (Crypt:1)
  A nameless horror (Zot:5)
  4 swamp dragons
  11 deep elf pyromancers
  2 orc sorcerers
  12 deep elf zephyrmancers
  4 orc knights
  A necromancer (Vaults:5)
  A shining eye (Slime:5)
  21 ugly things
  7 moths of wrath
  5 will-o-the-wisps
  A cyclops (D:13)
  6 salamanders
  13 elephants
  A spectral centaur (Crypt:2)
  12 black mambas
  2 kobold blastminers (Orc:2)
  A dire elephant zombie (Crypt:3)
  2 large abominations (Depths:2)
  A smoke demon (Lair:5)
  6 vault sentinels
  A torpor snail (Gauntlet)
  4 guardian serpents
  A centaur skeleton (Crypt:2)
  A molten gargoyle (Depths:3)
  A rust devil (Hell)
  9 naga magi
  An orange demon (Lair:5)
  2 freezing wraiths (Crypt:2)
  20 yaktaurs
  A black draconian zombie (Crypt:2)
  A komodo dragon (Lair:5)
  A red devil (Lair:5)
  4 guardian mummies (Crypt:3)
  A polar bear (Lair:4)
  3 hornets
  A death drake zombie (Crypt:3)
  A tengu simulacrum (Depths:1)
  8 blink frogs
  2 glass eyes
  8 dancing weapons
  75 slime creatures
  7 spriggans
  A shadow (D:9)
  A wraith (Crypt:2)
  A water elemental (Elf:3)
  An ushabti (Crypt:3)
  33 yaks
  2 wyverns
  6 humans (D:13)
  A basilisk (D:10)
  3 wargs (Orc:2)
  A neqoxec (D:1)
  A faun zombie (Crypt:1)
  2 spriggan simulacra (Depths:1)
  A vampire mosquito (D:15)
  3 chaos spawn (Abyss:3)
  23 nagas
  3 swamp worms
  A demonspawn zombie (Crypt:3)
  An ice beast (D:8)
  4 hell hounds (Lair:5)
  5 water moccasins
  8 swamp drakes
  A black bear (Lair:4)
  A glowing shapeshifter skeleton (Crypt:3)
  7 laughing skulls
  2 ogres
  15 orc warriors
  2 boggarts (Vaults:1)
  4 wolves (Orc:2)
  3 centaurs
  A kobold brigand (D:6)
  An earth elemental (Elf:3)
  3 wights (D:9)
  A killer bee (D:9)
  2 electric eels
  A howler monkey (D:9)
  17 orc priests
  2 gnoll boudas
  A jelly (Lair:5)
  7 orc wizards
  An orc zombie (Orc:2)
  5 gnolls
  29 orcs
  A gnoll skeleton (Crypt:1)
  6 kobolds
936 creatures vanquished.

Vanquished Creatures (others)
  A Killer Klown (Zot:5)
  2 Orb Guardians (Zot:5)
  A deep elf blademaster (Elf:3)
  2 acid blobs (Slime:5)
  25 eldritch tentacles
  A tengu reaver (Depths:2)
  An azure jelly (Slime:1)
  2 draconian monks
  3 draconian knights
  A rockslime (Slime:5)
  A draconian scorcher (Zot:2)
  A deep elf elementalist (Elf:3)
  A ghoul (Crypt:3)
  A vault warden (Vaults:5)
  A ghost moth (Zot:5)
  A draconian stormcaller (Zot:1)
  4 very ugly things
  2 ironbound preservers
  2 draconian annihilators (Zot:4)
  An ironbound thunderhulk (Vaults:4)
  A deep elf death mage (Elf:3)
  A demonspawn black sun (Zot:2)
  2 yellow draconians
  2 black draconians
  A spark wasp (Depths:2)
  A dire elephant (Vaults:1)
  2 white draconians
  An eidolon (Crypt:3)
  2 red draconians (Zot:1)
  2 fire dragons
  A deep elf high priest (Elf:3)
  A jiangshi (Crypt:3)
  2 hydras (Swamp:4)
  A death knight (Crypt:2)
  2 salamander tyrants (Snake:4)
  An anaconda (Snake:4)
  2 vault guards
  2 two-headed ogres (D:13)
  A naga warrior (Snake:1)
  A death yak (Lair:5)
  A deep troll shaman (Depths:2)
  A deep elf knight (Elf:2)
  An iron troll (Depths:3)
  2 salamander mystics
  3 deep trolls
  3 flayed ghosts
  2 skeletal warriors
  2 swamp dragons (Swamp:4)
  A deep elf archer (Elf:1)
  2 naga ritualists
  A harpy (Abyss:3)
  3 deep elf pyromancers
  A necromancer (Depths:1)
  An ironbound convoker (Vaults:5)
  2 deep elf zephyrmancers (Elf:3)
  2 orc knights
  3 ugly things
  A salamander (Depths:3)
  5 black mambas
  3 naga magi
  A rust devil (Hell)
  2 moths of wrath
  4 elephants (Lair:5)
  An orange demon (Lair:5)
  A smoke demon (Abyss:2)
  An unseen horror (D:12)
  A yaktaur (Vaults:5)
  An ice devil (Lair:5)
  A bloated husk (Swamp:1)
  A hornet (Orc:1)
  A spriggan (Swamp:2)
  22 slime creatures
  2 wyverns
  6 yaks
  4 fire bats (Abyss:3)
  A basilisk (shapeshifter) (Elf:3)
  16 dancing weapons
  A human (D:13)
  4 chaos spawn
  4 nagas
  4 orc warriors
  10 laughing skulls
  7 orcs
  6 foxfires (Swamp:4)
  2 snaplasher vines
  6 starspawn tentacles
233 creatures vanquished.

Grand Total: 2538 creatures vanquished

Notes
Turn   | Place    | Note
-------+----------+-------------------------------------------
     0 | D:1      | Khashishi the Vampire Enchanter began the quest for the
                  | Orb.
     0 | D:1      | Reached XP level 1. HP: 13/13 MP: 3/3
   283 | D:1      | Reached XP level 2. HP: 15/15 MP: 5/5
   286 | D:1      | Learned a level 2 spell: Jinxbite
   607 | D:1      | Found Makya's Antique Weapon Shop.
   637 | D:1      | Gained mutation: You are afflicted with vampirism and can
                  | become a bat while bloodless. [Vampire growth]
   637 | D:1      | Reached XP level 3. HP: 19/19 MP: 6/6
   643 | D:1      | Learned a level 3 spell: Confusing Touch
  1017 | D:2      | Reached skill level 5 in Stealth
  1096 | D:2      | Reached skill level 5 in Hexes
  1849 | D:3      | Reached XP level 4. HP: 24/24 MP: 7/7
  1867 | D:3      | Learned a level 3 spell: Tukima's Dance
  2415 | D:5      | Entered Level 5 of the Dungeon
  2425 | D:4      | Reached XP level 5. HP: 22/28 MP: 6/9
  2440 | D:4      | Reached skill level 6 in Hexes
  2517 | D:4      | Noticed a hornet
  2560 | D:4      | Noticed an ogre
  2569 | D:4      | Killed an ogre
  2570 | D:4      | Reached XP level 6. HP: 25/32 MP: 1/10
  2644 | D:4      | Killed a hornet
  2645 | D:4      | Reached skill level 7 in Hexes
  2678 | D:4      | Reached XP level 7. HP: 26/36 MP: 8/11
  3177 | D:5      | Reached skill level 5 in Short Blades
  3177 | D:5      | Reached skill level 8 in Hexes
  3186 | D:5      | Learned a level 2 spell: Ensorcelled Hibernation
  3291 | D:5      | Noticed Sigmund
  3294 | D:5      | Killed Sigmund
  3295 | D:5      | Reached skill level 1 in Fighting
  3346 | D:5      | Reached XP level 8. HP: 37/44 MP: 2/12
  3442 | D:5      | Identified the +0 leather armour of Rosec {Will++ rCorr
                  | Str+3 Stlth-}
  3444 | D:5      | You fall into a shaft and drop 2 floors!
  3494 | D:7      | Reached skill level 9 in Hexes
  3743 | D:7      | Learned a level 3 spell: Dazzling Flash
  3766 | D:7      | Noticed a troll
  3775 | D:7      | Killed a troll
  3827 | D:7      | Reached skill level 10 in Hexes
  4072 | D:5      | Reached XP level 9. HP: 49/49 MP: 3/13
  4355 | D:5      | Reached skill level 11 in Hexes
  5262 | D:7      | Found a staircase to the Ecumenical Temple.
  5280 | Temple   | Entered the Ecumenical Temple
  5287 | Temple   | Became a worshipper of Ashenzari the Shackled
  5369 | D:7      | Identified the +3 quarterstaff of the Vaults {freeze, Int+3
                  | Dex+3}
  5451 | D:7      | Found a transporter.
  5480 | D:7      | Found a transporter.
  5484 | D:7      | Noticed a kobold demonologist
  6009 | D:8      | Noticed Psyche
  6018 | D:8      | Killed Psyche
  6019 | D:8      | Reached skill level 10 in Stealth
  6019 | D:8      | Reached skill level 12 in Hexes
  6305 | D:8      | Reached XP level 10. HP: 50/56 MP: 11/14
  6543 | D:8      | Noticed a two-headed ogre
  6562 | D:8      | Killed a two-headed ogre
  6644 | D:9      | Got the Atlas of the Squall and Despair
  6645 | D:9      | Noticed a tengu warrior
  6648 | D:9      | Noticed a four-headed hydra
  6650 | D:9      | Noticed a cyclops
  6652 | D:9      | Killed a tengu warrior
  6653 | D:9      | Reached skill level 13 in Hexes
  6653 | D:9      | Noticed a cyclops
  6653 | D:9      | Noticed a manticore
  6654 | D:9      | Killed a cyclops
  6656 | D:9      | Killed a manticore
  6657 | D:9      | Reached skill level 10 in Short Blades
  6665 | D:9      | Killed a cyclops
  6682 | D:9      | Identified the cursed +0 pair of gloves "Thunder Perfect
                  | Mind" {Range, Fort} (You found it on level 1 of the
                  | Dungeon)
  6822 | D:8      | Found a blossoming altar of Fedhas.
  7163 | D:9      | Noticed a green ugly thing
  7215 | D:10     | Entered Level 10 of the Dungeon
  7242 | D:9      | Reached skill level 1 in Evocations
  7246 | D:9      | Reached * piety under Ashenzari
  7254 | D:9      | Reached skill level 14 in Hexes
  7360 | D:9      | Identified the +2 buckler of Panentheism {+Blink rN+++
                  | rCorr Str-5}
  7381 | D:9      | Reached XP level 11. HP: 61/61 MP: 9/16
  7502 | D:9      | Killed a four-headed hydra
  7586 | D:9      | Killed a green ugly thing
  7587 | D:9      | Reached skill level 5 in Dodging
  7809 | D:9      | Identified the +1 short sword of Contention {pain, Fly
                  | Str+7}
  8002 | D:9      | Noticed a two-headed ogre
  8084 | D:9      | Killed a two-headed ogre
  8407 | D:9      | Reached ** piety under Ashenzari
  8476 | D:9      | Reached skill level 15 in Hexes
  8812 | D:9      | Identified the Incunabulum of the Ruinous Maleficium
  8905 | D:9      | Reached skill level 5 in Spellcasting
  9269 | D:10     | Noticed a centaur warrior
  9275 | D:10     | Killed a centaur warrior
  9368 | D:10     | Found a staircase to the Lair.
  9633 | D:10     | Noticed a deep elf pyromancer
  9640 | D:10     | Killed a deep elf pyromancer
  9728 | D:11     | Noticed a boulder beetle
  9740 | D:10     | Learned a level 7 spell: Enfeeble
  9874 | D:12     | Found a staircase to the Orcish Mines.
  9944 | D:11     | Reached XP level 12. HP: 66/67 MP: 8/20
  9973 | D:11     | Noticed a boulder beetle
 10038 | D:11     | Killed a boulder beetle
 10071 | D:11     | Noticed a two-headed ogre
 10077 | D:11     | Killed a two-headed ogre
 10108 | D:11     | Killed a boulder beetle
 10109 | D:11     | Reached skill level 5 in Fighting
 10500 | D:11     | Noticed a boulder beetle
 10515 | D:11     | Killed a boulder beetle
 10516 | D:11     | Reached skill level 16 in Hexes
 10780 | D:12     | Reached *** piety under Ashenzari
 11362 | D:12     | Noticed a two-headed ogre
 11366 | D:12     | Killed a two-headed ogre
 11367 | D:12     | Reached skill level 5 in Evocations
 11491 | D:13     | Noticed a centaur warrior
 11498 | D:13     | Killed a centaur warrior
 11519 | D:12     | Reached skill level 17 in Hexes
 11685 | D:12     | Reached **** piety under Ashenzari
 12025 | D:12     | Learned a level 8 spell: Discord
 12026 | Orc:1    | Entered Level 1 of the Orcish Mines
 12248 | Orc:1    | Noticed an orc high priest
 12377 | Orc:1    | Killed an orc high priest
 12408 | Orc:1    | Noticed an orc high priest
 12423 | Orc:1    | Killed an orc high priest
 12625 | Orc:2    | Entered Level 2 of the Orcish Mines
 12645 | Orc:2    | Reached XP level 13. HP: 37/76 MP: 6/26
 12774 | Orc:2    | Noticed an ettin
 12998 | Orc:1    | Killed an ettin
 13457 | Orc:2    | Reached skill level 18 in Hexes
 13715 | Orc:1    | Noticed an orc warlord
 13912 | Orc:2    | Found a staircase to the Elven Halls.
 14048 | Orc:2    | Learned a level 5 spell: Yara's Violent Unravelling
 14439 | Orc:2    | Found Napubekh's Distillery.
 14442 | Orc:2    | Found Heguen's Distillery.
 14443 | Orc:2    | Found Depn's Antique Weapon Emporium.
 14444 | Orc:2    | Found Muokabar's Distillery.
 14452 | Orc:2    | Bought a potion of mutation for 96 gold pieces
 14452 | Orc:2    | Bought a potion of heal wounds for 60 gold pieces
 14457 | Orc:2    | Bought a smoking triple sword for 465 gold pieces
 14457 | Orc:2    | Identified the +2 triple sword of the Shallot {protect,
                  | Will+} (You bought it in a shop on level 2 of the Orcish
                  | Mines)
 14529 | Orc:1    | Killed an orc warlord
 14636 | Orc:1    | Noticed an orc warlord
 14649 | Orc:1    | Killed an orc warlord
 14852 | Orc:1    | Learned a level 2 spell: Blink
 14987 | Orc:1    | Reached skill level 1 in Translocations
 15507 | D:13     | Reached skill level 19 in Hexes
 15514 | D:13     | Reached XP level 14. HP: 86/86 MP: 22/30
 16042 | D:13     | Identified the +10 plate armour of Ujifed {rElec rN+++
                  | Will- Stlth+}
 16051 | D:13     | Reached skill level 15 in Stealth
 16097 | D:13     | Found a gate to the Vaults.
 16194 | D:13     | Reached skill level 10 in Spellcasting
 16789 | Lair:1   | Entered Level 1 of the Lair of Beasts
 16797 | Lair:2   | Noticed Gastronok
 18074 | Lair:3   | Found a staircase to the Snake Pit.
 18110 | Lair:3   | Found a gate leading to a gauntlet.
 18135 | Gauntlet | Entered a Gauntlet
 18135 | Gauntlet | Found a transporter.
 18135 | Gauntlet | Found a transporter.
 18135 | Gauntlet | Found a runed translucent door.
 18135 | Gauntlet | Found a runed translucent door.
 18138 | Gauntlet | Found a transporter.
 18139 | Gauntlet | Found a transporter.
 18141 | Gauntlet | Found a transporter.
 18148 | Gauntlet | Reached ***** piety under Ashenzari
 18185 | Gauntlet | Found a transporter.
 18185 | Gauntlet | Found a transporter.
 18187 | Gauntlet | Found a transporter.
 18196 | Gauntlet | Found a transporter.
 18196 | Gauntlet | Identified the amulet of Youthful Indiscretion {Faith
                  | ^Drain rF+ Will+}
 18212 | Gauntlet | Found a transporter.
 18220 | Gauntlet | Identified the ring "Boufef" {Int+2 Dex+6}
 18220 | Gauntlet | Identified the +0 scale mail "Aruzxewk" {-Cast rC+++ Regen+
                  | Dex-5}
 18222 | Gauntlet | Found a transporter.
 18226 | Gauntlet | Found a transporter.
 18271 | Gauntlet | Found a transporter.
 18288 | Gauntlet | Found a transporter.
 18338 | Gauntlet | Reached skill level 1 in Armour
 18636 | Gauntlet | Reached skill level 20 in Hexes
 18879 | Lair:5   | Entered Level 5 of the Lair of Beasts
 18911 | Lair:5   | Reached XP level 15. HP: 96/96 MP: 33/33
 18912 | Lair:5   | Found a dark tunnel.
 19221 | Lair:5   | Identified the +2 robe "Gunomp" {Rampage Dex+2 Stlth-}
 19238 | Volcano  | Entered a volcano
 19432 | Volcano  | Found a bloodstained altar of Trog.
 19851 | Lair:5   | Found a viscous altar of Jiyva.
 19851 | Lair:5   | Found a staircase to the Slime Pits.
 19904 | Lair:5   | Reached ****** piety under Ashenzari
 20073 | Lair:5   | Reached skill level 1 in Shields
 20511 | Lair:5   | Found a burning altar of Makhleb.
 20553 | Lair:5   | Found a gateway to Hell.
 20555 | Lair:5   | Got an earthy gem with 1000 turns to spare
 22019 | Lair:4   | Identified the +6 long sword "Ultimatum" {venom, rC+}
 22791 | Lair:2   | Found a staircase to the Swamp.
 23063 | Lair:2   | Killed Gastronok
 23192 | D:14     | Reached XP level 16. HP: 105/105 MP: 36/36
 23239 | D:15     | Entered Level 15 of the Dungeon
 24103 | D:15     | Identified a scroll of acquirement
 24112 | D:15     | Acquired a book of Beasts
 24120 | D:15     | Learned a level 5 spell: Summon Mana Viper
 24344 | D:15     | Found a staircase to the Depths.
 24745 | Snake:1  | Entered Level 1 of the Snake Pit
 24787 | Snake:1  | Reached skill level 10 in Dodging
 24879 | Snake:2  | Reached skill level 5 in Shields
 25022 | Snake:3  | Learned a level 3 spell: Teleport Other
 25044 | Snake:3  | Found the +3 greatsling "Punk" {acid, rCorr}
 25116 | Snake:3  | Found a large runed translucent door.
 25117 | Snake:3  | Found a large runed translucent door.
 25119 | Snake:3  | Noticed Kicir's ghost (adept GnFi)
 25124 | Snake:3  | Reached skill level 5 in Armour
 25581 | Snake:3  | Identified the serpent talisman "Yhaatod" {rElec Will+}
 25581 | Snake:3  | Noticed Aizul
 25595 | Snake:3  | Killed Aizul
 25939 | Snake:4  | Entered Level 4 of the Snake Pit
 26036 | Snake:3  | Reached skill level 10 in Fighting
 26247 | Snake:4  | Found a runed translucent gate.
 26248 | Snake:4  | Found a runed translucent gate.
 26249 | Snake:4  | Found a runed translucent gate.
 26257 | Snake:4  | Noticed Xitaol's ghost (adept SpEn)
 26257 | Snake:4  | Noticed TuffENuff's ghost (adept FoFi)
 26271 | Snake:4  | Reached XP level 17. HP: 112/112 MP: 23/37
 26534 | Snake:4  | Identified the +1 hat of Biton {rF++}
 26990 | Snake:4  | Got a jade gem with 208 turns to spare
 27000 | Snake:4  | Got a serpentine rune of Zot
 27377 | Snake:3  | Killed TuffENuff's ghost
 27410 | Snake:4  | Killed Xitaol's ghost
 27709 | Snake:3  | Killed Kicir's ghost
 27853 | Snake:2  | Found Sukubyts's Weapon Shoppe.
 27855 | Snake:2  | Found Sozinu's Mass Market.
 28912 | Snake:1  | Found Ewahympa's Armour Shop.
 28912 | Snake:1  | Found Weom's Distillery.
 28918 | Snake:1  | Found Ciripab's Weapon Boutique.
 28948 | Snake:1  | Bought the +5 moon troll leather armour {Spirit, Regen++
                  | MP+5} for 654 gold pieces
 28948 | Snake:1  | Found the +5 moon troll leather armour {Spirit, Regen++
                  | MP+5}
 29290 | Swamp:1  | Entered Level 1 of the Swamp
 29445 | Swamp:3  | Noticed Louise
 29464 | Swamp:3  | Killed Louise
 29558 | Swamp:4  | Entered Level 4 of the Swamp
 29711 | Swamp:4  | Reached XP level 18. HP: 119/119 MP: 12/38
 29906 | Swamp:4  | Got a mossy gem with 1206 turns to spare
 29909 | Swamp:4  | Got a decaying rune of Zot
 30028 | Swamp:4  | Reached skill level 21 in Hexes
 32290 | Swamp:1  | Noticed Roxanne
 32334 | Lair:2   | Learned a level 2 spell: Sublimation of Blood
 32481 | Elf:1    | Entered Level 1 of the Elven Halls
 32488 | Elf:1    | Reached skill level 1 in Necromancy
 32491 | Elf:1    | Reached skill level 1 in Summonings
 32545 | Elf:2    | Found Atialosk's Antique Armour Boutique.
 32551 | Elf:2    | Bought a pair of glowing boots for 300 gold pieces
 32602 | Elf:3    | Entered Level 3 of the Elven Halls
 32817 | Elf:2    | Noticed Asterion
 32817 | Elf:2    | Found Gurin's Magic Scroll Boutique.
 32821 | Elf:2    | Killed Asterion
 33232 | Elf:3    | Reached XP level 19. HP: 128/128 MP: 10/42
 33813 | Elf:3    | Identified the +1 pair of boots of the Endless Expanse
                  | {rElec rF+}
 33814 | Elf:3    | Identified the Octavo of the Dolphin
 33825 | Elf:3    | Got a shimmering gem with 508 turns to spare
 33856 | Elf:3    | Identified the Guidebook on the Voyage and the Summer
 33857 | Elf:3    | Identified the staff of Jiojeq {rElec Str+3 Air}
 33890 | Elf:3    | Identified the +9 shortbow "Hovedouf" {antimagic, rElec rC+
                  | Int+3}
 33895 | Elf:3    | Identified the +3 spear of the Big Fish {chaos, rElec rF+++
                  | Str+5 Int-3}
 34519 | Elf:2    | Bought a scroll of blinking for 112 gold pieces
 34693 | Elf:1    | Reached skill level 5 in Necromancy
 34710 | Elf:1    | Learned a level 4 spell: Dispel Undead
 34750 | Elf:1    | Identified the Elucidation of Power
 35847 | Elf:2    | Found Plog's Weapon Boutique.
 36346 | Elf:2    | Found a runed translucent gate.
 36346 | Elf:2    | Found a runed translucent gate.
 36346 | Elf:2    | Found a runed translucent gate.
 36571 | Elf:2    | Found a shimmering altar of Xom.
 36885 | Vaults:1 | Entered Level 1 of the Vaults
 36933 | Vaults:1 | Learned a level 6 spell: Death Channel
 37705 | Vaults:3 | Reached XP level 20. HP: 137/137 MP: 21/45
 38389 | Vaults:4 | Reached skill level 10 in Necromancy
 38551 | Vaults:5 | Entered Level 5 of the Vaults
 38559 | Vaults:5 | Noticed an ancient lich
 38576 | Vaults:5 | Killed an ancient lich
 38723 | Vaults:5 | Reached skill level 15 in Dodging
 38798 | Vaults:5 | Identified the ring of Sisymp {rN+ MP+9 Str+3}
 38856 | Vaults:5 | Reached skill level 15 in Spellcasting
 38948 | Vaults:5 | Noticed an ancient lich
 38972 | Vaults:5 | Killed an ancient lich
 38992 | Vaults:5 | Reached XP level 21. HP: 107/144 MP: 28/46
 39038 | Vaults:5 | Got a shining gem with 1688 turns to spare
 39040 | Vaults:5 | Got a silver rune of Zot
 39042 | Vaults:5 | Identified the ring "Enazygg" {MP+9 Str+4 Int+4}
 39122 | Vaults:5 | Reached skill level 22 in Hexes
 39201 | Vaults:5 | Upgraded the game from 0.31.0-4-g52a2dc7128 to
                  | 0.31.0-7-gf635a9b802
 39257 | Vaults:5 | Identified the +0 orcbow of the Insatiable Gods {flame,
                  | rElec MP+9 Dex-5 SInv}
 39298 | Vaults:5 | Identified the +3 whip of Wu Jian's Outrage {freeze, rCorr}
 39380 | Vaults:5 | Noticed Bai Suzhen
 39394 | Vaults:5 | Killed Bai Suzhen
 39600 | Vaults:5 | Identified the ring "Penuc" {MP-9 AC+4 Str+2 Int+5 SInv}
                  | (You took it off a deep elf annihilator on level 5 of the
                  | Vaults)
 39633 | Vaults:5 | Identified the +3 longbow "Demonbane" {heavy, rN+ rCorr
                  | SInv}
 39787 | Vaults:5 | Identified the +4 mace "Viyd" {protect, rCorr Int+4}
 41120 | Vaults:3 | Acquired the +4 pair of boots of Yffyinge {Rampage rElec
                  | Int-5 Dex+2}
 41641 | Vaults:3 | Reached skill level 5 in Summonings
 41951 | Vaults:1 | Found Tonouham's Distillery.
 41959 | Vaults:1 | Bought a potion of curing for 36 gold pieces
 41959 | Vaults:1 | Bought a potion of haste for 120 gold pieces
 41959 | Vaults:1 | Bought a potion of haste for 120 gold pieces
 42172 | Vaults:2 | Found a staircase to the Crypt.
 42458 | Vaults:2 | Learned a level 5 spell: Summon Forest
 42732 | Vaults:2 | Reached skill level 23 in Hexes
 42809 | Vaults:2 | Reached XP level 22. HP: 152/152 MP: 48/48
 43630 | Vaults:1 | Found a portal to a secret trove of treasure.
 43886 | Vaults:2 | Noticed Margery
 43898 | Vaults:2 | Killed Margery
 44523 | Vaults:1 | You paid a toll of +3 storm dragon scales to enter a
                  | treasure trove
 44524 | Trove    | Entered a treasure trove
 44530 | Trove    | Identified the Encyclopedia of Polluted Refrigeration
 44531 | Trove    | Identified Ranunirra's Omnibus of Overhead Ashes
 44571 | Trove    | Identified Sif Muna's Commentary on Chrysopoeia and Air
 44572 | Trove    | Identified Xocian's Disquisition on the Vector and the
                  | Whammy
 44988 | Depths:1 | Entered Level 1 of the Depths
 45115 | Depths:1 | Noticed Mara
 45118 | Depths:1 | Killed Mara
 45123 | Depths:1 | Reached skill level 5 in Translocations
 45259 | Depths:1 | Found a broken altar of Ashenzari.
 45323 | Depths:2 | Found a one-way gate leading to the halls of Pandemonium.
 45634 | Depths:2 | Found a transporter.
 45924 | Depths:3 | Found a one-way gate to the infinite horrors of the Abyss.
 45948 | Depths:4 | Entered Level 4 of the Depths
 45954 | Depths:4 | Found a one-way gateway to a ziggurat.
 46044 | Depths:4 | Found Enguri's Antique Armour Shoppe.
 46045 | Depths:4 | Found Nunwitav's Weapon Emporium.
 46045 | Depths:4 | Found Acuic's Antique Armour Shoppe.
 46050 | Depths:4 | Bought an encrusted ring mail for 234 gold pieces
 46050 | Depths:4 | Identified the +0 ring mail of the Final Mystics {rCorr}
                  | (You bought it in a shop on level 4 of the Depths)
 46051 | Depths:4 | Found Dyeh's Antique Weapon Emporium.
 46054 | Depths:4 | Bought a scorched ring mail for 243 gold pieces
 46054 | Depths:4 | Identified the +0 ring mail "Tunne" {rF++ rCorr Int-4 SInv}
                  | (You bought it in a shop on level 4 of the Depths)
 46114 | Depths:4 | Found a gate to the Realm of Zot.
 46119 | Depths:4 | Got a midnight gem with 1917 turns to spare
 47119 | Depths:3 | Identified the +3 demon blade "Hydraslayer" {elec, rPois
                  | rN+ Dex+2}
 47199 | Hell     | Entered the Vestibule of Hell
 47199 | Hell     | Noticed Geryon
 47203 | Hell     | Killed Geryon
 47237 | Hell     | Reached XP level 23. HP: 156/156 MP: 49/49
 47898 | Depths:2 | Identified the ring of Wah Resh {+Blink rPois Will++ Str-2}
 47899 | Depths:2 | Noticed Sojobo
 47908 | Depths:2 | Killed Sojobo
 48113 | Depths:2 | Identified the ring "Ufimamuh" {rN+ rCorr AC+4 Int-3}
 48292 | Depths:2 | Noticed a juggernaut
 48326 | Depths:2 | Found a burning altar of Makhleb.
 48356 | Depths:2 | Killed a juggernaut
 48357 | Depths:2 | Reached skill level 10 in Summonings
 48500 | Depths:2 | Identified the ring "Myhaci" {*Corrode Int+5 SInv Stlth+}
 48586 | Depths:2 | Found a stormy altar of Qazlal.
 48586 | Depths:2 | Found a transporter.
 48787 | Depths:1 | Identified the +1 ring mail of Wicked New Discoveries
                  | {Will+}
 49371 | Depths:1 | Learned a level 7 spell: Malign Gateway
 49665 | Depths:3 | Voluntarily entered the Abyss.
 50152 | Abyss:3  | Found a corrupted altar of Lugonu.
 50257 | Abyss:3  | Got an abyssal rune of Zot
 50402 | Abyss:3  | Noticed an ancient lich
 50404 | Abyss:3  | Killed an ancient lich
 50407 | Depths:3 | Escaped the Abyss
 50670 | Slime:1  | Entered Level 1 of the Pits of Slime
 50941 | Slime:5  | Entered Level 5 of the Pits of Slime
 50980 | Slime:4  | Reached XP level 24. HP: 150/163 MP: 33/50
 51092 | Slime:5  | Identified the +7 halberd "Xyts" {freeze, Stlth+}
 51161 | Slime:5  | Found a viscous altar of Jiyva.
 51202 | Slime:5  | Noticed the Royal Jelly
 51211 | Slime:5  | Killed the Royal Jelly
 51220 | Slime:5  | Identified the ring "Diot" {Wiz rF+}
 51221 | Slime:5  | Identified the +1 ring mail "Horrunay" {Harm Str-5 Dex+2
                  | Slay+6}
 51223 | Slime:5  | Identified the staff "Fubemust" {rElec Int-2 Stlth- Necro
                  | Earth}
 51278 | Slime:5  | Identified the ring of Kixer {rN+ Will+ rCorr}
 51284 | Slime:5  | Got a starry gem with 64 turns to spare
 51286 | Slime:5  | Got a slimy rune of Zot
 54157 | Crypt:1  | Entered Level 1 of the Crypt
 54186 | Crypt:1  | Reached skill level 10 in Evocations
 54350 | Crypt:2  | Identified the Cyclopedia of the Crypt
 54400 | Crypt:3  | Entered Level 3 of the Crypt
 54916 | Crypt:3  | Found a basalt altar of Yredelemnul.
 54960 | Crypt:3  | Found an ancient bone altar of Kikubaaqudgha.
 54973 | Crypt:3  | Got an ivory gem with 1044 turns to spare
 54998 | Crypt:3  | Identified the amulet "Teroc" {RegenMP Harm Will+ rCorr
                  | Int-2}
 54998 | Crypt:3  | Identified the staff of the Heavens {rN+ Str+2 Int+3 Necro}
 54999 | Crypt:3  | Identified the Catalogue of Unholy Virulence
 55030 | Crypt:3  | Learned a level 8 spell: Summon Horrible Things
 55213 | Crypt:2  | Reached XP level 25. HP: 153/168 MP: 49/51
 55456 | Crypt:3  | Found a staircase to the Tomb.
 56102 | Crypt:2  | Learned a level 7 spell: Haunt
 56906 | Zot:1    | Entered Level 1 of the Realm of Zot
 57082 | Zot:2    | Noticed an orb of fire
 57083 | Zot:2    | Gained mutation: You are weak. (Str -2) [an orb of fire]
 57097 | Zot:2    | Gained mutation: You sometimes lose your temper in combat.
                  | [an orb of fire]
 57101 | Zot:2    | Killed an orb of fire
 57102 | Zot:2    | Reached skill level 15 in Summonings
 57148 | Zot:2    | Identified the Papyrus of Hyperborean Pyromania
 57272 | Zot:3    | Identified the ring of Dizxauz {rC+ rCorr Int+7 Stlth-}
 57274 | Zot:3    | Found a transporter.
 57274 | Zot:3    | Found a transporter.
 57274 | Zot:3    | Identified the amulet of Xom's Fair Game {Reflect ^Drain
                  | Will+++ Int+6 SH+5 Stlth-}
 57275 | Zot:3    | Identified the ring "Lador" {rN+ Str+2 Int+3}
 57302 | Zot:4    | Noticed a Killer Klown
 57309 | Zot:4    | Killed a Killer Klown
 57333 | Zot:5    | Entered Level 5 of the Realm of Zot
 57591 | Zot:5    | Got a prismatic gem with 340 turns to spare
 58267 | Zot:3    | Noticed an orb of fire
 58273 | Zot:3    | Killed an orb of fire
 58319 | Zot:2    | Reached skill level 15 in Evocations
 58439 | Zot:3    | Identified the +1 dagger "Acarinebane" {pain, Will+ Dex+3}
 58687 | Zot:3    | Found a transporter.
 58693 | Zot:3    | Found a transporter.
 58726 | Zot:3    | Found a transporter.
 58735 | Zot:3    | Found a transporter.
 58795 | Zot:3    | Found the +10 zealot's sword {holy, Zealotry, *Rage rN+
                  | EV+3}
 59361 | Zot:2    | Identified the +8 spear "Nodwukk" {drain, rF+ Str+2 Int+2}
 59361 | Zot:2    | Identified Povedgh's Codex of The Black Sun
 59361 | Zot:2    | Noticed an orb of fire
 59439 | Zot:2    | Killed an orb of fire
 59703 | Zot:2    | Noticed Grunn
 59723 | Zot:2    | Killed Grunn
 59975 | Zot:1    | Reached XP level 26. HP: 131/174 MP: 21/53
 60602 | Zot:1    | Lost mutation: You sometimes lose your temper in combat.
                  | [potion of mutation]
 60602 | Zot:1    | Lost mutation: You are weak. (Str -2) [potion of mutation]
 60602 | Zot:1    | Gained mutation: Armour fits poorly on your strangely
                  | shaped body. [potion of mutation]
 60603 | Zot:1    | Lost mutation: Armour fits poorly on your strangely shaped
                  | body. [potion of mutation]
 60603 | Zot:1    | Gained mutation: Armour fits poorly on your strangely
                  | shaped body. [potion of mutation]
 60603 | Zot:1    | Gained mutation: You have a pair of small antennae on your
                  | head. [potion of mutation]
 60603 | Zot:1    | Gained mutation: Your flesh is heat resistant. (rF+)
                  | [potion of mutation]
 61098 | Zot:5    | Noticed an orb of fire
 61102 | Zot:5    | Gained mutation: You occasionally lose the ability to read
                  | scrolls when taking damage. [an orb of fire]
 61104 | Zot:5    | Gained mutation: Potions are less effective at restoring
                  | your health. [an orb of fire]
 61106 | Zot:5    | Gained mutation: Your flesh is cold resistant. (rC+) [an
                  | orb of fire]
 61118 | Zot:5    | Killed an orb of fire
 61239 | Zot:5    | Noticed an orb of fire
 61249 | Zot:5    | Killed a dread lich
 61250 | Zot:5    | Killed an orb of fire
 61253 | Zot:5    | Noticed an orb of fire
 61280 | Zot:5    | Killed an orb of fire
 61373 | Zot:5    | Noticed an orb of fire
 61392 | Zot:5    | Killed an orb of fire
 61912 | Zot:5    | Noticed an orb of fire
 61918 | Zot:5    | Noticed an orb of fire
 61928 | Zot:5    | Killed an orb of fire
 61932 | Zot:5    | Killed an orb of fire
 62233 | Zot:5    | Got the Orb of Zot
 62867 | D:1      | Noticed Vicrom the pandemonium lord
 62885 | D:1      | Killed Vicrom the pandemonium lord
 62889 | D:1      | Gained mutation: Your mind is acute. (Int +4, Str/Dex -1)
                  | [a neqoxec]
 62908 | D:$      | Escaped with the Orb!

Illustrated notes

Levels and vault maps discovered:
D:1:      dpeg_arrival_rooms_c, layout_basic, serial_shops, nicolae_square_shop,
          nicolae_hexahallways
D:2:      layout_loops_corners, minmay_bisected
D:3:      layout_loops_ring
D:4:      layout_cave_pools
D:5:      layout_rooms, nicolae_tricolors, uniq_sigmund
D:6:      layout_rooms
D:7:      gammafunk_wand_slinger, layout_loops_corners,
          minmay_temple_entry_trees, dreamdust_princess_corridor
D:8:      layout_basic, fedhas_altar_4, chequers_big_river, minivault_21,
          minivault_14, patterned_corridor, uniq_psyche
D:9:      minmay_the_grid_4x2 [minmay_the_grid_odd_star,
          minmay_the_grid_diamond_grid, minmay_the_grid_outer_diamond,
          minmay_the_grid_tiny_cups, minmay_the_grid_pillar_ring,
          minmay_the_grid_box_x, minmay_the_grid_minigrid_medium,
          minmay_the_grid_prize_trominoes], layout_cave_pods,
          kennysheep_small_square
D:10:     layout_long_grid, minmay_lair_entry_grove
D:11:     layout_cross
D:12:     layout_layer_cave, orc_0_dummy, minmay_misc_feat_ornament,
          kennysheep_generic_room_5
D:13:     minmay_connected_boxes_in_corner, layout_rooms,
          ximxim_vaults_locker_room
D:14:     layout_gridville, nrook_uturn
D:15:     grunt_enter_depths_hoard, layout_gridville,
          chequers_serial_rivers_marsh
Temple:   compressed_dpeg_triangle_lava_temple
Lair:1:   layout_roguey, serial_bayou_shore_a, grunt_megastairs_1,
          serial_bayou_shore_b
Lair:2:   hellmonk_ruined_rings, layout_regular_city,
          nicolae_swamp_entry_splash_gauntlet, uniq_gastronok
Lair:3:   layout_concentric_octagons, minmay_snake_entry_guardpost_small,
          gauntlet_entry_generic
Lair:4:   layout_cave_pods, gammafunk_lair_bear_cave, lemuel_fruit_tree,
          grunt_megastairs_3
Lair:5:   evil_forest, layout_big_grid, minmay_slime_entry_pillars,
          nicolae_volcano_entry_s_turn, serial_bayou_shore_b,
          infiniplex_staircase_pool, serial_bayou_shore_b, lemuel_fruit_fields
Swamp:1:  layout_basic_swamp, evilmike_swamp_ruin_house_6, uniq_roxanne
Swamp:2:  layout_basic_swamp, nicolae_swamp_oxbows
Swamp:3:  layout_basic_swamp, evilmike_swamp_ruin_rubble_2, uniq_louise
Swamp:4:  swamp_fiery, layout_basic_swamp
Snake:1:  layout_grid_shapes, nicolae_snake_serpentine_bazaar
Snake:2:  nicolae_snake_hallway, layout_rooms, serial_shops, shop,
          minmay_shop_mass
Snake:3:  nicolae_aizul_guard, layout_grid_shapes, ebering_ghost_disaster_area
Snake:4:  johnstein_snake_rune_scales, layout_cave_shapes,
          gammafunk_ghost_cemetery, serial_library_hellmonk_big_corner
Slime:1:  layout_caves
Slime:2:  layout_caves, nicolae_slime_welcoming_committee
Slime:3:  cheibrodos_slime_lost_civilization_2, layout_caves,
          nicolae_slime_phagocytosis
Slime:4:  layout_caves
Slime:5:  slime_pit_nicolae_inversion
Orc:1:    hellmonk_paralyzer, layout_diamond_mine
Orc:2:    st_orc_pillars, layout_caves, basic_altar, special_room,
          mumra_transporter_accident, mines5_lemuel
Elf:1:    eino_elf_arrival_shootout, layout_gridlike, minmay_elf_annihilation
Elf:2:    nicolae_elf_blades_splatter_lattice
          [nicolae_blade_entry_floor_patterns], layout_loops_cross,
          serial_shops, nicolae_shop_tiny_statue_garden,
          nicolae_shop_rolling_square, nicolae_shop_stone, minivault_25_ag,
          palyth_stone_intersect, guppyfry_elf_altar, uniq_asterion, uniq_aizul
Elf:3:    elf_hall, layout_geoelf_octagon
Vaults:1: serial_library_regret_index_small_wings, nicolae_vaults_house_1,
          nicolae_vaults_wrenched, minmay_orc_keep,
          nicolae_vaults_closet_pinwheel_2, nicolae_vaults_surprise_closet,
          nicolae_vaults_circle_grid_a, vaults_mumra_hexcomb, v_misc_29,
          vaults_room_stairs_pillars, vaults_dpeg_emergency_exit,
          nicolae_vaults_specimen_jars, v_misc_22, layout_vaults_big_cross,
          nicolae_trove_entry_crossroad, serial_shops, nicolae_square_shop
Vaults:2: hangedman_vaults_trim, minmay_crypt_entry_simple_walls,
          v_alt_pattern_1, nicolae_vaults_disjoint_gnomons,
          nicolae_vaults_sesquioval_fish, v_misc_15, nicolae_vaults_apartment_1,
          vaults_mumra_minichess, v_pattern_4, vaults_room_grunt_arrival_ludios,
          nicolae_vaults_storage_room_doors,
          nicolae_vaults_offset_grid_hallway_1, layout_vaults_omnigrid,
          uniq_margery
Vaults:3: nicolae_vaults_meiosis, vaults_room_grunt_arrival_checkpoint,
          nicolae_vaults_disjoint_gnomons, nicolae_vaults_shipping_containers_5,
          grunt_vaults_trifunnel, nicolae_vaults_little_squares_4,
          nicolae_vaults_heart-shaped_vault,
          nicolae_vaults_windows_and_doors_thing, grunt_vaults_hallway_long,
          grunt_vaults_diagonal, nicolae_vaults_oval_intersection,
          nicolae_vaults_shelves_hall, nicolae_vaults_tetromino_T_2,
          nicolae_vaults_tetromino_L_2, layout_vaults_omnibox
Vaults:4: v_misc_11, nicolae_vaults_tetromino_T_2, nicolae_vaults_tetromino_L_2,
          nicolae_vaults_closet_pinwheel_5, nicolae_vaults_house_3,
          nicolae_vaults_double_plus_1, nicolae_vaults_ring_of_whatevers,
          nicolae_vaults_border_crossing, v_rooms_5,
          nicolae_vaults_fighting_squares, hangedman_vaults_cutoff, v_pattern_2,
          nicolae_vaults_house_2, ontoclasm_vaults_bender, layout_vaults_maze
Vaults:5: uniq_bai_suzhen
Crypt:1:  layout_rooms, grunt_crypt_arrival_webbed
Crypt:2:  layout_misc_corridors, special_room [special_room_morgue]
Crypt:3:  lightli_unholy_cathedral, layout_chaotic_city,
          tomb_entry_pyramid_bobbens, grunt_ministairs_12, st_stairs_13
Depths:1: layout_gridlike, grunt_metal_band, hex_tiny, st_stairs_3,
          ashenzari_altar_1, kennysheep_random_hallway, uniq_mara
Depths:2: hangedman_spin_cycle, hell_entry, pan_entry
Depths:3: minmay_connected_triangles_in_corner, layout_cave_shapes, abyss_entry,
          hellmouth_1
Depths:4: evilmike_zot_entry_basic, layout_gridlike, enter_ziggurat_c,
          abyss_entry, chequers_decorated_corner, hell_entry, minmay_shoptagon
Hell
Zot:1:    layout_misc_corridors, grunt_ministairs_5
Zot:2:    dreamdust_black_sun_cult, layout_cellular_growth, grunt_megastairs_2,
          uniq_grunn
Zot:3:    gammafunk_sealed_arena, layout_gridville,
          regret_index_zotdec_carving_tricks, nicolae_transporter_intersection
Zot:4:    layout_gridlike
Zot:5:    layout_basic

Skill      XL: |  1  2  3  4  5  6  7  8  9 10 11 12 13 14 15 16 17 18 19 20 21 22 23 24 25 26 |
---------------+-------------------------------------------------------------------------------+-----
Stealth        | 5 6 7 10 12 13 14 15 17 18 19 | 19.9
Hexes          | 5 6 7 8 10 12 14 15 17 19 20 21 23 | 23.0
Short Blades   | 2 3 4 5 7 9 10 11 12 13 | 13.6
Dodging        | 3 4 7 8 9 10 11 13 14 15 16 17 19 20 | 20.1
Spellcasting   | 3 5 8 9 10 11 12 13 14 15 16 18 19 20 21 | 21.6
Fighting       | 1 2 4 5 6 8 9 10 11 12 13 14 | 14.4
Evocations     | 2 3 6 7 8 9 12 15 16 | 16.8
Translocations | 1 2 4 6 7 9 |  9.8
Armour         | 1 4 5 7 |  7.5
Shields        | 3 6 7 8 |  8.9
Necromancy     | 3 7 11 12 | 12.3
Summonings     | 3 5 8 11 14 16 17 | 17.8

Action                     |  1- 3 |  4- 6 |  7- 9 | 10-12 | 13-15 | 16-18 | 19-21 | 22-24 | 25-27 || total
---------------------------+-------+-------+-------+-------+-------+-------+-------+-------+-------++-------
  Melee: Dagger            |    75 |    49 |   213 |   384 |   534 |   597 |    42 |       |       ||  1894
         Bite              |     5 |     6 |    23 |    61 |    65 |    71 |   115 |   174 |    94 ||   614
         Punch             |       |     2 |     3 |     7 |     5 |       |       |       |       ||    17
         Unarmed           |       |       |       |     1 |       |       |       |       |       ||     1
         Rapier            |       |       |       |       |       |       |   677 |  1049 |   501 ||  2227
  Throw: Dart              |       |       |       |     2 |       |       |     1 |       |       ||     3
   Cast: Jinxbite          |    11 |    10 |    23 |    23 |    12 |     1 |       |       |       ||    80
         Tukima's Dance    |       |     1 |    31 |    71 |    40 |     4 |     8 |       |     1 ||   156
         Confusing Touch   |       |     1 |     6 |     5 |     5 |     7 |     9 |     3 |     4 ||    40
         Ensorcelled Hiber |       |       |     8 |    14 |    51 |    52 |     7 |       |       ||   132
         Dazzling Flash    |       |       |       |    13 |     3 |       |     2 |       |       ||    18
         Enfeeble          |       |       |       |    12 |    65 |   125 |   117 |   127 |    72 ||   518
         Discord           |       |       |       |     1 |    34 |    56 |    60 |    74 |    33 ||   258
         Summon Mana Viper |       |       |       |       |       |     3 |     5 |     3 |     1 ||    12
         Yara's Violent Un |       |       |       |       |       |       |    12 |     1 |       ||    13
         Dispel Undead     |       |       |       |       |       |       |     7 |    26 |     5 ||    38
         Death Channel     |       |       |       |       |       |       |     4 |     6 |     8 ||    18
         Summon Forest     |       |       |       |       |       |       |       |     7 |     7 ||    14
         Blink             |       |       |       |       |       |       |       |     1 |     4 ||     5
         Malign Gateway    |       |       |       |       |       |       |       |     6 |    20 ||    26
         Haunt             |       |       |       |       |       |       |       |       |    17 ||    17
         Summon Horrible T |       |       |       |       |       |       |       |       |     5 ||     5
 Invoke: Curse Item        |       |       |     1 |     5 |     5 |     2 |     2 |     2 |       ||    17
         Shatter the Chain |       |       |       |     1 |       |     2 |     2 |     2 |       ||     7
Ability: Exsanguinate      |     1 |       |       |       |       |       |       |       |       ||     1
         End Transformatio |       |       |       |     1 |       |       |       |       |       ||     1
         Bat Form          |       |       |       |     1 |       |       |       |       |       ||     1
  Evoke: Wand              |       |       |       |     5 |     3 |     9 |     1 |       |     2 ||    20
         Sack of spiders   |       |       |       |     2 |       |     1 |     1 |     1 |     3 ||     8
         Lightning rod     |       |       |       |     3 |       |       |     4 |       |       ||     7
         Phial of floods   |       |       |       |     1 |       |     1 |       |       |       ||     2
         Phantom mirror    |       |       |       |       |       |     1 |       |       |     3 ||     4
         Tin of tremorston |       |       |       |       |       |     1 |       |       |       ||     1
    Use: Potion            |       |       |     2 |     4 |     2 |     3 |     6 |     6 |     7 ||    30
         Scroll            |       |       |    10 |     4 |     3 |     3 |     2 |    14 |     6 ||    42
   Stab: Sleeping          |    30 |     5 |    16 |    23 |    92 |    84 |    68 |    69 |    43 ||   430
         Confused          |       |       |     6 |     6 |     8 |    14 |     7 |     2 |     2 ||    45
         Invisible         |       |       |     3 |    20 |    67 |   102 |    74 |    99 |    62 ||   427
         Distracted        |       |       |       |     2 |     4 |     9 |     2 |    16 |     8 ||    41
         Paralysed         |       |       |       |     1 |       |     5 |     1 |       |       ||     7
         Petrifying        |       |       |       |     1 |     1 |     1 |       |       |       ||     3
         Petrified         |       |       |       |       |       |       |       |     1 |       ||     1
 Armour: Robe              |    12 |    19 |     9 |       |       |       |       |       |       ||    40
         Leather armour    |       |       |    79 |       |       |       |       |       |       ||    79
         Acid dragon scale |       |       |    22 |   167 |   158 |   169 |       |       |       ||   516
         Skin              |       |       |       |     9 |       |       |       |       |       ||     9
         Troll leather arm |       |       |       |       |       |    29 |   516 |   859 |   433 ||  1837
  Dodge: Dodged            |    18 |    21 |   138 |   201 |   231 |   250 |   254 |   489 |   272 ||  1874
  Block: Kite shield       |       |       |       |       |    29 |   249 |   292 |   482 |   236 ||  1288
